 Dungeon Crawl Stone Soup version 0.28.0-45-g0d030f2227 (webtiles) character file.

Game seed: 450075468705063806

2291 Peloso the Carver (level 9, -1/80 HPs)
             Began as a Minotaur Fighter on Apr 3, 2022.
             Was a Priest of Okawaru.
             Killed from afar by an electric eel (6 damage)
             ... with a bolt of electricity
             ... on level 7 of the Dungeon.
             The game lasted 00:11:42 (5728 turns).

Peloso the Carver (Minotaur Fighter)                Turns: 5728, Time: 00:11:42

Health: -1/80      AC: 13    Str: 24    XL:     9   Next: 17%
Magic:  8/8        EV:  7    Int:  5    God:    Okawaru [***...]
Gold:   270        SH:  5    Dex: 11    Spells: 8/8 levels left

rFire   + . .      SeeInvis .   a - +0 long sword
rCold   . . .      Faith    .   c - +0 buckler
rNeg    . . .      Spirit   .   p - +0 plate armour
rPois   .          Reflect  .   (helmet restricted)
rElec   .          Harm     .   (no cloak)
rCorr   .          Rampage  .   (no gloves)
Will    .....                   (no boots)
Stlth   ..........              i - amulet of regeneration
HPRegen 1.03/turn               q - ring of protection from fire
MPRegen 0.11/turn               (no ring)

@: no status effects
A: horns 2, retaliatory headbutt
a: Renounce Religion, Heroism


You were on level 7 of the Dungeon.
You worshipped Okawaru.
Okawaru was most pleased with you.
You visited 2 branches of the dungeon, and saw 8 of its levels.

You collected 270 gold pieces.

Inventory:

Hand Weapons
 a - a +0 long sword (weapon)
Armour
 b - a +0 scale mail
 c - a +0 buckler (worn)
 p - a +0 plate armour (worn)
Jewellery
 i - an amulet of regeneration (around neck)
 q - a ring of protection from fire (left hand)
Wands
 s - a wand of iceblast (14)
 w - a wand of flame (15)
Scrolls
 f - a scroll of enchant armour {unknown}
 j - 5 scrolls of teleportation {unknown}
 k - a scroll of fear {unknown}
 n - a scroll of noise {unknown}
 r - 4 scrolls of identify
 v - a scroll of immolation {unknown}
 x - a scroll of fog {unknown}
Potions
 d - a potion of might
 e - a potion of brilliance
 g - a potion of resistance
 h - a potion of ambrosia {unknown}
 l - 2 potions of cancellation
 m - 4 potions of haste
 o - a potion of curing {unknown}
 t - a potion of attraction {unknown}
 u - a potion of heal wounds {unknown}


   Skills:
 + Level 7.7 Fighting
 + Level 10.1 Long Blades
 + Level 7.6 Armour
 + Level 2.2 Dodging
 + Level 0.6 Stealth
 + Level 5.6 Shields


You had 8 spell levels left.
You didn't know any spells.
Your spell library contained the following spells:

 Spells                   Type           Power      Damage    Failure   Level
 Beastly Appendage        Tmut           0%         N/A       100%        1
 Wereblood                Tmut           0%         N/A       100%        2
 Spider Form              Tmut/Pois      0%         N/A       100%        3
 Storm Form               Tmut/Air       0%         N/A       100%        7
 Maxwell's Capacitive Co  Air            0%         ∞         100%        8
 Summon Lightning Spire   Summ/Air       Unusable   N/A       N/A         4

Dungeon Overview and Level Annotations

Branches:
Dungeon (7/15)             Temple (1/1) D:4

Altars:
Ashenzari
Dithmenos
Elyvilon
Fedhas
Makhleb
Nemelex Xobeh
Okawaru
Qazlal
Ru
Sif Muna
Uskayaw
Vehumet
Wu Jian
Xom
Yredelemnul


Innate Abilities, Weirdness & Mutations

You have a pair of horns on your head.
You reflexively headbutt those who attack you in melee.


Message History

You see here a +0 dagger.
Items here: )) [[ †.
Okay, then.
Things that are here:
a +0 dagger; a +0 robe
Found 24 stones.
An electric eel comes into view.
The electric eel shoots out a bolt of lightning at you!
The bolt of electricity hits you! x2
An electric eel comes into view.
You barely miss the electric eel.
The electric eel shoots out a bolt of lightning at you!
The bolt of electricity hits you! The bolt of electricity hits you.
Unknown command.
You hit the electric eel. Your headbutt misses the electric eel.
The electric eel is lightly wounded.
The electric eel shoots out a bolt of lightning at you!
The bolt of electricity hits you!
Unknown command.
You completely miss the electric eel. Your headbutt misses the electric eel.
The electric eel is lightly wounded.
The electric eel shoots out a bolt of lightning at you!
The bolt of electricity hits you!
The electric eel shoots out a bolt of lightning at you!
The bolt of electricity hits you!
* * * LOW HITPOINT WARNING * * *
The bolt of electricity hits you.
* * * LOW HITPOINT WARNING * * *
You closely miss the electric eel. Your headbutt misses the electric eel.
The electric eel is lightly wounded.
The electric eel shoots out a bolt of lightning at you!
The bolt of electricity hits you.
* * * LOW HITPOINT WARNING * * *
The bolt of electricity hits you.
* * * LOW HITPOINT WARNING * * *
Okay, then.
Okay, then.
The electric eel shoots out a bolt of lightning at you!
The bolt of electricity hits you.
You die...

##.#.##.#......... .#
#.###
................# ...
##.#.##.#.......# ..(#
.
#.....#.##.#######....
..
####..#.##........#.#
..
...#.##.#..#.###.#.#
.....##)#..#.# ≈≈≈
#.......))..#.##≈#
######......#.@.S#
#......####S# #....#.#
≈≈≈ #....#.# #.#..
......#.# .# ...
......##.# .# ##
....####.# # ###+ .#


You could see 2 electric eels.

Vanquished Creatures
  Grinder (D:3)
  Eustachio (D:6)
  A steam dragon (D:6)
  A black bear (D:5)
  3 centaurs
  An ogre (D:4)
  A gnoll sergeant (D:6)
  3 scorpions
  A wyvern zombie (D:7)
  2 wights (D:6)
  A howler monkey (D:4)
  A bullfrog zombie (D:6)
  3 hounds
  A centaur zombie (D:5)
  5 jellies
  3 orc priests
  A gnoll shaman (D:5)
  A centaur skeleton (D:5)
  Terence (D:2)
  A scorpion zombie (D:5)
  5 iguanas
  2 orc wizards
  A hound zombie (D:5)
  11 gnolls
  7 adders
  A shadow imp (D:6)
  An adder skeleton (D:4)
  A worm (D:2)
  4 dart slugs
  13 orcs
  A ball python (D:2)
  5 bats
  8 endoplasms
  3 giant cockroaches
  7 goblins
  5 hobgoblins
  7 kobolds
  6 quokkas
  A frilled lizard (D:2)
  5 rats
127 creatures vanquished.

Vanquished Creatures (others)
  A wight (D:6)
  A bush (D:6)
2 creatures vanquished.

Grand Total: 129 creatures vanquished

Notes
Turn   | Place    | Note
-------+----------+-------------------------------------------
     0 | D:1      | Peloso the Minotaur Fighter began the quest for the Orb.
     0 | D:1      | Reached XP level 1. HP: 19/19 MP: 0/0
   391 | D:1      | Reached XP level 2. HP: 25/27 MP: 1/1
   533 | D:1      | Reached skill level 3 in Long Blades
   765 | D:2      | Reached XP level 3. HP: 20/33 MP: 2/2
  1782 | D:2      | Reached XP level 4. HP: 40/40 MP: 3/3
  1826 | D:2      | Noticed Terence
  1832 | D:2      | Killed Terence
  1962 | D:3      | Reached skill level 4 in Long Blades
  2252 | D:3      | Reached XP level 5. HP: 36/46 MP: 4/4
  2297 | D:3      | Noticed Grinder
  2297 | D:3      | Paralysed by Grinder for 3 turns
  2308 | D:3      | Paralysed by Grinder for 3 turns
  2312 | D:3      | Killed Grinder
  2313 | D:3      | Reached skill level 5 in Long Blades
  2313 | D:3      | Reached skill level 1 in Dodging
  2313 | D:3      | Reached XP level 6. HP: 39/53 MP: 5/5
  2786 | D:4      | Found a staircase to the Ecumenical Temple.
  2866 | D:4      | Reached skill level 5 in Fighting
  2866 | D:4      | Reached skill level 6 in Long Blades
  2936 | Temple   | Entered the Ecumenical Temple
  2968 | Temple   | Became a worshipper of Warmaster Okawaru
  3194 | D:4      | Reached skill level 5 in Armour
  3194 | D:4      | Reached XP level 7. HP: 46/61 MP: 6/6
  3687 | D:4      | Reached skill level 5 in Shields
  3967 | D:5      | Entered Level 5 of the Dungeon
  3980 | D:5      | Reached * piety under Okawaru
  4090 | D:5      | Reached skill level 7 in Long Blades
  4233 | D:4      | Reached XP level 8. HP: 45/70 MP: 7/7
  4736 | D:6      | Reached skill level 8 in Long Blades
  4953 | D:6      | Reached ** piety under Okawaru
  5131 | D:6      | Noticed Eustachio
  5140 | D:6      | Killed Eustachio
  5141 | D:6      | Reached skill level 9 in Long Blades
  5319 | D:6      | Reached XP level 9. HP: 70/79 MP: 8/8
  5356 | D:6      | Reached *** piety under Okawaru
  5589 | D:7      | Reached skill level 10 in Long Blades
  5727 | D:7      | HP: 4/80 [electric eel/bolt of electricity (6)]
  5728 | D:7      | Killed from afar by an electric eel

Illustrated notes

Levels and vault maps discovered:
D:1:      erik_arrival_orb_chamber, layout_rooms, grunt_decor_arrowhead
D:2:      layout_basic, serial_glass, glass_columns_a, glass_columns_b,
          uniq_terence
D:3:      layout_loops_ring, chequers_hall_statues_corner_a,
          chequers_serial_rivers_small_3, uniq_grinder
D:4:      layout_gridville, temple_pool_b, kennysheep_generic_room_15
D:5:      layout_rooms, hex_tiny, hangedman_decor_clover_reticule
D:6:      layout_basic, kb_lookout_dungeons_type, hex_intersection,
          minmay_strange_pillars, grunt_ministairs_3,
          kennysheep_generic_room_14, uniq_eustachio
D:7:      layout_basic, kennysheep_little_box, enter_bailey_5,
          minmay_crystal_water
Temple:   nicolae_temple_the_god_donut

Skill      XL: |  1  2  3  4  5  6  7  8  9 |
---------------+----------------------------+-----
Shields        | 4 5 |  5.6
Fighting       | 4 5 6 7 |  7.7
Armour         | 4 5 7 |  7.6
Long Blades    | 3 4 5 6 7 9 10 | 10.1
Dodging        | 1 2 |  2.2
Stealth        | |  0.6

Action                   |  1- 3 |  4- 6 |  7- 9 || total
-------------------------+-------+-------+-------++-------
Melee: Long sword        |    79 |    85 |   244 ||   408
       Headbutt          |    10 |    14 |    64 ||    88
Invok: Heroism           |       |       |     1 ||     1
  Use: Potion            |     3 |       |       ||     3
       Scroll            |     1 |     4 |       ||     5
Armor: Scale mail        |    48 |    24 |       ||    72
       Plate armour      |       |     5 |   178 ||   183
Dodge: Dodged            |    39 |    25 |    89 ||   153
Block: Buckler           |    20 |    17 |    55 ||    92
